Canadiens vs Bruins

Created - 25 mars 2024 at 17:14

Goals
1 2 3 T
Canadiens 0 1 0 1
Bruins 2 1 0 3
Shots
1 2 3 T
Canadiens 9 8 9 26
Bruins 10 16 2 28

GoalsPenalties
1st period
1. Bruins , Brady Tkachuk 32 (Morgan Frost 33) at 6:14
2. Bruins , Anthony Mantha 9 (Taylor Raddysh 15, Morgan Frost 34) at 11:09
Anthony Mantha (BOS) for Delaying the game (Minor) at 14:20
2nd period
3. Bruins , Nico Hischier 26 (Mason Marchment 10, Claude Giroux 34) at 0:46
4. Canadiens , Jeff Skinner 22 (Valeri Nichushkin 29, Jani Hakanpaa 16) at 15:21
Henri Jokiharju (MTL) for Holding (Minor) at 19:47
3rd period
No Goal
Maxime Comtois (BOS) for Tripping (Minor) at 5:31
Seth Jones (BOS) for Delaying the game (Minor) at 14:52
Goalie Stats
Ilya Samsonov (MTL), 25 saves from 28 shots - (0,893), L, 19-19-4, 60:00 minutes
Mackenzie Blackwood (BOS), 25 saves from 26 shots - (0,962), W, 10-13-2, 60:00 minutes
3 StarsOfficial
1 - Brady Tkachuk (BOS)
2 - Mackenzie Blackwood (BOS)
3 - Mason Marchment (BOS)
Referees : Troy Paterson and Kevin Pollock
Linesman : Michel Cormier and Kiel Murchison
Game Note
No Game Note
Finance
Level 1 -- Attendance: 5241 (87,35%) -- Ticket Income $524,100
Level 2 -- Attendance: 5000 (100,00%) -- Ticket Income $300,000
Level 3 -- Attendance: 2000 (100,00%) -- Ticket Income $70,000
Level 4 -- Attendance: 4000 (100,00%) -- Ticket Income $80,000
Luxury Box -- Attendance: 855 (85,50%) -- Ticket Income $171,000
Game was played at the Boston Garden.
Total Attendance: 17096 (94,98%)
Total Ticket Income: $1,145,100
Other Income: $561,099
Total Income: $1,706,199



Team Name Goals Shots Shots Attemp Shots Blocked PIM HIT PP PK FO%
Canadiens 1264872240 / 3 (0%)060%
Bruins 3284686240 / 1 (0%)040%

Canadiens
Player Name POS G A P +/- PIM HIT SHT SB MP PP MP PP SHT PK MP PK SHT FO% FOT GA TA
Adam LarssonD000-1042020:000:0000:4100% 000
Andrew MangiapaneC/LW/RW000-1000015:322:4500:0000% 110
Anton LundellC/LW000-1002015:230:0000:5600% 100
Chris KreiderC/LW/RW0000021017:173:1200:0000% 110
Christian DvorakC/LW000-1000014:100:0000:56073% 1500
Emil BemstromC/RW000-1013011:240:0000:0000% 010
Henri JokiharjuD0000201118:362:5000:0000% 010
J.T. CompherC/LW/RW0000011014:430:0001:03043% 700
Jakob ChychrunD000-1042021:473:0701:1800% 011
Jani HakanpaaD011-1020118:300:0000:4100% 001
Jeff SkinnerC/LW/RW1010012016:162:4500:0000% 001
Jonathan DrouinC/LW/RW000-1002010:530:0000:00033% 300
Mathew BarzalC/RW0000034117:143:1200:00040% 500
Nick FolignoC/LW/RW000-1000010:540:0000:0000% 000
Ryan O'ReillyC/LW/RW0000001217:492:4501:03089% 900
Travis HamonicD0000031019:552:5001:1800% 000
Valeri NichushkinLW/RW0110014116:263:1200:0000% 000
Victor HedmanD000-1020121:113:0700:0000% 000
Bruins
Player Name POS G A P +/- PIM HIT SHT SB MP PP MP PP SHT PK MP PK SHT FO% FOT GA TA
Alexis LafreniereLW/RW0000032015:210:0000:2000% 200
Anthony ManthaLW/RW1011222012:580:5700:0000% 010
Brady TkachukC/LW1010052015:391:0200:0000% 011
Christopher TanevD0000002120:290:0002:4100% 000
Claude GirouxC/LW/RW0111025017:511:0212:0000% 100
Jacob Bernard-DockerD0000001118:500:0000:2300% 000
Jared SpurgeonD0002000219:361:1103:0400% 000
Mason MarchmentLW/RW0111040113:200:0000:0000% 000
Matt DumbaD0002030117:290:4801:0400% 000
Maxime ComtoisLW0000211010:280:0000:0000% 000
Morgan FrostC/LW0220003115:400:5700:00050% 1001
Nico HischierC1011004018:081:0202:11135% 1710
Nikita ZaitsevD0000021121:080:4802:5300% 001
Ryan PoehlingC/LW/RW0001000015:030:0002:54057% 700
Samuel BlaisLW/RW0000011010:050:0000:0000% 000
Seth JonesD0000200022:381:1101:4900% 001
Taylor RaddyshC/LW/RW0111003015:110:5701:3600% 101
Zemgus GirgensonsC/LW/RW0000011014:060:0002:53050% 400

Canadiens

5 vs 5 Forward
Line #Left WingCenterRight WingPHYDFOFWanted %Time %Time Play
1Chris KreiderRyan O'ReillyMathew Barzal0232828%14:32
2Valeri NichushkinJ.T. CompherJeff Skinner0232827%14:11
3Anton LundellChristian DvorakAndrew Mangiapane0232825%13:14
4Nick FolignoJonathan DrouinEmil Bemstrom0231619%10:07
5 vs 5 Defense
Line #DefenseDefensePHYDFOFWanted %Time %Time Play
1Victor HedmanJani Hakanpaa0323334%17:56
2Adam LarssonJakob Chychrun0323333%17:21
3Travis HamonicHenri Jokiharju0323130%15:41
4Adam LarssonVictor Hedman03232%1:06
Power Play Forward
Line #Left WingCenterRight WingPHYDFOFWanted %Time %Time Play
1Valeri NichushkinMathew BarzalChris Kreider0055554%3:12
2Andrew MangiapaneRyan O'ReillyJeff Skinner0054546%2:45
Power Play Defense
Line #DefenseDefensePHYDFOFWanted %Time %Time Play
1Victor HedmanJakob Chychrun0145552%3:07
2Henri JokiharjuTravis Hamonic0144548%2:50
Penalty Kill 4 Players Forward
Line #CenterWingPHYDFOFWanted %Time %Time Play
1Christian DvorakAnton Lundell0415047%0:56
2Ryan O'ReillyJ.T. Compher0415053%1:03
Penalty Kill 4 Players Defense
Line #DefenseDefensePHYDFOFWanted %Time %Time Play
1Adam LarssonJani Hakanpaa0415034%0:41
2Henri JokiharjuTravis Hamonic0415066%1:18
Penalty Kill 3 Players
Line #WingPHYDFOFWanted %Time %Time PlayDefenseDefensePHYDFOFWanted %Time %Time Play
1Christian Dvorak050500%0:00 Adam LarssonJani Hakanpaa050500%0:00
2Ryan O'Reilly050500%0:00 Victor HedmanTravis Hamonic050500%0:00
4 vs 4 Forward
Line #CenterWingPHYDFOFWanted %Time %Time Play
1Mathew BarzalChris Kreider023500%0:00
2Ryan O'ReillyValeri Nichushkin023500%0:00
4 vs 4 Defense
Line #DefensePHYDFOFWanted %Time %Time Play
1Adam LarssonTravis Hamonic023500%0:00
2Jani HakanpaaVictor Hedman023500%0:00
Last Minutes Offensive
Left WingCenterRight WingDefenseDefense
Valeri NichushkinMathew BarzalChris KreiderVictor HedmanJakob Chychrun
Last Minutes Defensive
Left WingCenterRight WingDefenseDefense
Ryan O'ReillyChristian DvorakAnton LundellAdam LarssonJani Hakanpaa
Time
Total ForwardTotal DefenseLast Minutes OffensiveLast Minutes Defensive
60:00 60:00 0:000:00
Extra Forwards
Normal PowerPlayPenalty Kill
Jeff Skinner, Anton Lundell, Nick FolignoJ.T. Compher, Jonathan DrouinJ.T. Compher
Extra Defensemen
Normal PowerPlayPenalty Kill
Travis Hamonic, Henri Jokiharju, Adam LarssonJani Hakanpaa, Jakob ChychrunHenri Jokiharju
Penalty Shots
Anton Lundell, Valeri Nichushkin, Ryan O'Reilly, Chris Kreider, Christian Dvorak
Goalie
Ilya Samsonov, Craig Anderson
Custom OT Lines Forwards
Mathew Barzal, Valeri Nichushkin, Jeff Skinner, Ryan O'Reilly, Chris Kreider, J.T. Compher, Andrew Mangiapane, Anton Lundell, Jonathan Drouin, Nick Foligno
Custom OT Lines Defensemen
Victor Hedman, Jakob Chychrun, Henri Jokiharju, Adam Larsson, Jani Hakanpaa
Scratches
Noah Cates (Healthy)

Bruins

5 vs 5 Forward
Line #Left WingCenterRight WingPHYDFOFWanted %Time %Time Play
1Mason MarchmentNico HischierClaude Giroux0233028%14:41
2Brady TkachukMorgan FrostAlexis Lafreniere0322830%15:49
3Anthony ManthaRyan PoehlingTaylor Raddysh0232422%11:29
4Maxime ComtoisZemgus GirgensonsSamuel Blais0321819%10:05
5 vs 5 Defense
Line #DefenseDefensePHYDFOFWanted %Time %Time Play
1Seth JonesNikita Zaitsev1223432%16:53
2Jared SpurgeonMatt Dumba1223331%15:55
3Jacob Bernard-DockerChristopher Tanev1223335%18:16
4Seth JonesMatt Dumba12202%1:00
Power Play Forward
Line #Left WingCenterRight WingPHYDFOFWanted %Time %Time Play
1Brady TkachukNico HischierClaude Giroux0055052%1:02
2Anthony ManthaMorgan FrostTaylor Raddysh0055048%0:57
Power Play Defense
Line #DefenseDefensePHYDFOFWanted %Time %Time Play
1Seth JonesJared Spurgeon0147560%1:11
2Matt DumbaNikita Zaitsev0142540%0:48
Penalty Kill 4 Players Forward
Line #CenterWingPHYDFOFWanted %Time %Time Play
1Ryan PoehlingZemgus Girgensons0506083%4:57
2Nico HischierTaylor Raddysh0504017%1:00
Penalty Kill 4 Players Defense
Line #DefenseDefensePHYDFOFWanted %Time %Time Play
1Christopher TanevJared Spurgeon1405045%2:41
2Seth JonesNikita Zaitsev1405055%3:16
Penalty Kill 3 Players
Line #WingPHYDFOFWanted %Time %Time PlayDefenseDefensePHYDFOFWanted %Time %Time Play
1Ryan Poehling050500%0:00 Christopher TanevJared Spurgeon140500%0:00
2Nico Hischier050500%0:00 Seth JonesNikita Zaitsev140500%0:00
4 vs 4 Forward
Line #CenterWingPHYDFOFWanted %Time %Time Play
1Claude GirouxBrady Tkachuk122500%0:00
2Morgan FrostTaylor Raddysh122500%0:00
4 vs 4 Defense
Line #DefensePHYDFOFWanted %Time %Time Play
1Seth JonesMatt Dumba122500%0:00
2Jared SpurgeonChristopher Tanev122500%0:00
Last Minutes Offensive
Left WingCenterRight WingDefenseDefense
Brady TkachukNico HischierClaude GirouxSeth JonesJared Spurgeon
Last Minutes Defensive
Left WingCenterRight WingDefenseDefense
Ryan PoehlingNico HischierClaude GirouxSeth JonesJared Spurgeon
Time
Total ForwardTotal DefenseLast Minutes OffensiveLast Minutes Defensive
60:00 60:00 0:000:00
Extra Forwards
Normal PowerPlayPenalty Kill
Zemgus Girgensons, Morgan Frost, Taylor RaddyshMorgan Frost, Taylor RaddyshTaylor Raddysh
Extra Defensemen
Normal PowerPlayPenalty Kill
Matt Dumba, Nikita Zaitsev, Seth JonesNikita Zaitsev, Matt DumbaSeth Jones
Penalty Shots
Brady Tkachuk, Taylor Raddysh, Claude Giroux, Alexis Lafreniere, Ryan Poehling
Goalie
Mackenzie Blackwood, Adin Hill
Custom OT Lines Forwards
Claude Giroux, Brady Tkachuk, Nico Hischier, Alexis Lafreniere, Morgan Frost, Anthony Mantha, Taylor Raddysh, Ryan Poehling, Zemgus Girgensons, Maxime Comtois
Custom OT Lines Defensemen
Seth Jones, Jared Spurgeon, Matt Dumba, Christopher Tanev, Jacob Bernard-Docker
Scratches
Sean Monahan (Right Leg Injury)


Play-by-Play

1st period


0:01 of 1st period - Nico Hischier wins face-off versus Chris Kreider in neutral zone.
0:12 of 1st period - Slapshot by Claude Giroux.
0:12 of 1st period - Deflect By Mason Marchment.
0:12 of 1st period - Shot Misses the Net.
0:12 of 1st period - Puck is out of play.
0:13 of 1st period - Morgan Frost wins face-off versus J.T. Compher in Canadiens zone.
0:20 of 1st period - Backhand shot by Valeri Nichushkin.
0:20 of 1st period - Shot Blocked by Jared Spurgeon.
0:22 of 1st period - Snap shot by J.T. Compher.
0:22 of 1st period - Shot Misses the Net.
0:24 of 1st period - Wrist shot by J.T. Compher.
0:24 of 1st period - Stopped by Mackenzie Blackwood with a rebound.
0:26 of 1st period - Slapshot by Adam Larsson.
0:26 of 1st period - Shot Blocked by Matt Dumba.
0:28 of 1st period - Wrist shot by Valeri Nichushkin.
0:28 of 1st period - Stopped by Mackenzie Blackwood without a rebound.
0:29 of 1st period - Ryan Poehling wins face-off versus Christian Dvorak in Bruins zone.
1:27 of 1st period - Snap shot by Ryan O'Reilly.
1:27 of 1st period - Shot Misses the Net.
2:45 of 1st period - Mason Marchment is hit by Jani Hakanpaa and loses puck.
3:00 of 1st period - Chris Kreider is hit by Alexis Lafreniere and loses puck.
3:11 of 1st period - Jared Spurgeon is hit by Chris Kreider.
3:35 of 1st period - Slapshot by Ryan O'Reilly.
3:35 of 1st period - Stopped by Mackenzie Blackwood with a rebound.
3:37 of 1st period - Slapshot by Adam Larsson.
3:37 of 1st period - Stopped by Mackenzie Blackwood without a rebound.
3:38 of 1st period - Christian Dvorak wins face-off versus Nico Hischier in Bruins zone.
4:10 of 1st period - Jonathan Drouin is hit by Brady Tkachuk and loses puck.
4:32 of 1st period - Off-side.
4:33 of 1st period - Christian Dvorak wins face-off versus Ryan Poehling in neutral zone.
5:00 of 1st period - Icing by Jonathan Drouin.
5:01 of 1st period - Jonathan Drouin wins face-off versus Nico Hischier in Canadiens zone.
5:14 of 1st period - Wrist shot by Emil Bemstrom.
5:14 of 1st period - Stopped by Mackenzie Blackwood with a rebound.
5:21 of 1st period - Icing by Nico Hischier.
5:22 of 1st period - Ryan O'Reilly wins face-off versus Claude Giroux in Bruins zone.
5:59 of 1st period - Snap shot by Claude Giroux.
5:59 of 1st period - Stopped by Ilya Samsonov without a rebound.
6:00 of 1st period - Christian Dvorak wins face-off versus Morgan Frost in Canadiens zone.
6:14 of 1st period - Wrist shot by Brady Tkachuk.
6:14 of 1st period - Goal by Brady Tkachuk - Canadiens : 0 - Bruins : 1.
6:15 of 1st period - Zemgus Girgensons wins face-off versus J.T. Compher in neutral zone.
6:22 of 1st period - Slapshot by Maxime Comtois.
6:22 of 1st period - Stopped by Ilya Samsonov with a rebound.
6:40 of 1st period - Icing by J.T. Compher.
6:41 of 1st period - Christian Dvorak wins face-off versus Ryan Poehling in Canadiens zone.
7:08 of 1st period - J.T. Compher is hit by Brady Tkachuk and loses puck.
7:31 of 1st period - Backhand shot by Samuel Blais.
7:31 of 1st period - Shot Misses the Net.
7:33 of 1st period - Slapshot by Jared Spurgeon.
7:33 of 1st period - Shot Blocked by Ryan O'Reilly.
7:37 of 1st period - Snap shot by Samuel Blais.
7:37 of 1st period - Shot Misses the Net.
7:39 of 1st period - Slapshot by Jared Spurgeon.
7:39 of 1st period - Shot Blocked by Henri Jokiharju.
7:55 of 1st period - Snap shot by Taylor Raddysh.
7:55 of 1st period - Shot Misses the Net.
7:57 of 1st period - Slapshot by Jacob Bernard-Docker.
7:57 of 1st period - Shot Blocked by Ryan O'Reilly.
7:59 of 1st period - Wrist shot by Taylor Raddysh.
7:59 of 1st period - Shot Misses the Net.
8:01 of 1st period - Slapshot by Christopher Tanev.
8:01 of 1st period - Stopped by Ilya Samsonov with a rebound.
8:19 of 1st period - Wrist shot by Christian Dvorak.
8:19 of 1st period - Shot Blocked by Jacob Bernard-Docker.
8:21 of 1st period - Snap shot by Travis Hamonic.
8:21 of 1st period - Deflect By Christopher Tanev.
8:21 of 1st period - Stopped by Mackenzie Blackwood without a rebound.
8:22 of 1st period - Morgan Frost wins face-off versus Jonathan Drouin in Bruins zone.
8:52 of 1st period - Slapshot by Valeri Nichushkin.
8:52 of 1st period - Stopped by Mackenzie Blackwood without a rebound.
8:53 of 1st period - Christian Dvorak wins face-off versus Zemgus Girgensons in Bruins zone.
9:46 of 1st period - Wrist shot by Emil Bemstrom.
9:46 of 1st period - Stopped by Mackenzie Blackwood with a rebound.
10:38 of 1st period - Jacob Bernard-Docker is hit by J.T. Compher and loses puck.
11:05 of 1st period - Snap shot by Anthony Mantha.
11:05 of 1st period - Stopped by Ilya Samsonov with a rebound.
11:07 of 1st period - Snap shot by Taylor Raddysh.
11:07 of 1st period - Stopped by Ilya Samsonov with a rebound.
11:09 of 1st period - Snap shot by Anthony Mantha.
11:09 of 1st period - Deflect By Adam Larsson.
11:09 of 1st period - Goal by Anthony Mantha - Canadiens : 0 - Bruins : 2.
11:10 of 1st period - Christian Dvorak wins face-off versus Nico Hischier in neutral zone.
11:12 of 1st period - Off-side.
11:13 of 1st period - Nico Hischier wins face-off versus Christian Dvorak in neutral zone.
11:41 of 1st period - Off-side.
11:42 of 1st period - Mathew Barzal wins face-off versus Alexis Lafreniere in neutral zone.
12:07 of 1st period - Taylor Raddysh is hit by Adam Larsson and loses puck.
12:18 of 1st period - Snap shot by Jeff Skinner.
12:18 of 1st period - Stopped by Mackenzie Blackwood with a rebound.
12:20 of 1st period - Snap shot by Henri Jokiharju.
12:20 of 1st period - Shot Blocked by Jared Spurgeon.
12:40 of 1st period - Off-side.
12:41 of 1st period - Zemgus Girgensons wins face-off versus J.T. Compher in neutral zone.
12:44 of 1st period - Jani Hakanpaa is hit by Zemgus Girgensons and loses puck.
12:49 of 1st period - Snap shot by Maxime Comtois.
12:49 of 1st period - Shot Blocked by Victor Hedman.
12:51 of 1st period - Slapshot by Samuel Blais.
12:51 of 1st period - Stopped by Ilya Samsonov with a rebound.
12:53 of 1st period - Slapshot by Seth Jones.
12:53 of 1st period - Shot Misses the Net.
12:55 of 1st period - Slapshot by Nikita Zaitsev.
12:55 of 1st period - Shot Blocked by Valeri Nichushkin.
12:57 of 1st period - Wrist shot by Zemgus Girgensons.
12:57 of 1st period - Stopped by Ilya Samsonov with a rebound.
13:09 of 1st period - Brady Tkachuk is hit by Mathew Barzal and loses puck.
13:14 of 1st period - Snap shot by Ryan O'Reilly.
13:14 of 1st period - Shot Misses the Net.
13:30 of 1st period - Wrist shot by Claude Giroux.
13:30 of 1st period - Stopped by Ilya Samsonov without a rebound.
13:31 of 1st period - Christian Dvorak wins face-off versus Nico Hischier in Canadiens zone.
13:31 of 1st period - Christian Dvorak is hit by Matt Dumba.
14:03 of 1st period - Icing by Matt Dumba.
14:04 of 1st period - Ryan Poehling wins face-off versus J.T. Compher in Bruins zone.
14:20 of 1st period - Minor Penalty to Anthony Mantha for Delaying the game.
14:21 of 1st period - Ryan Poehling wins face-off versus Mathew Barzal in Bruins zone.
14:21 of 1st period - Ryan Poehling is hit by Mathew Barzal.
15:44 of 1st period - Seth Jones is hit by Jakob Chychrun and loses puck.
16:20 of 1st period - Penalty to Anthony Mantha is over, Anthony Mantha is back on ice.
16:31 of 1st period - Wrist shot by Jonathan Drouin.
16:31 of 1st period - Shot Misses the Net.
19:46 of 1st period - Chris Kreider is hit by Claude Giroux and loses puck.
Goals for this period are 0 for Canadiens vs 2 for Bruins.
Shots for this period are 9 for Canadiens vs 10 for Bruins.

2nd period


0:01 of 2nd period - Ryan O'Reilly wins face-off versus Morgan Frost in neutral zone.
0:13 of 2nd period - Wrist shot by Morgan Frost.
0:13 of 2nd period - Shot Blocked by Mathew Barzal.
0:25 of 2nd period - Nico Hischier is hit by Adam Larsson.
0:31 of 2nd period - Slapshot by Claude Giroux.
0:31 of 2nd period - Stopped by Ilya Samsonov without a rebound.
0:32 of 2nd period - J.T. Compher wins face-off versus Nico Hischier in Canadiens zone.
0:32 of 2nd period - J.T. Compher is hit by Matt Dumba.
0:42 of 2nd period - Wrist shot by Nico Hischier.
0:42 of 2nd period - Stopped by Ilya Samsonov with a rebound.
0:46 of 2nd period - Wrist shot by Nico Hischier.
0:46 of 2nd period - Goal by Nico Hischier - Canadiens : 0 - Bruins : 3.
0:47 of 2nd period - Ryan O'Reilly wins face-off versus Morgan Frost in neutral zone.
0:56 of 2nd period - Snap shot by Chris Kreider.
0:56 of 2nd period - Shot Misses the Net.
2:00 of 2nd period - Off-side.
2:01 of 2nd period - Morgan Frost wins face-off versus Jonathan Drouin in neutral zone.
2:28 of 2nd period - Slapshot by Anton Lundell.
2:28 of 2nd period - Shot Misses the Net.
2:46 of 2nd period - Slapshot by Morgan Frost.
2:46 of 2nd period - Stopped by Ilya Samsonov without a rebound.
2:47 of 2nd period - Ryan O'Reilly wins face-off versus Nico Hischier in Canadiens zone.
3:02 of 2nd period - Snap shot by Claude Giroux.
3:02 of 2nd period - Shot Misses the Net.
3:04 of 2nd period - Wrist shot by Nico Hischier.
3:04 of 2nd period - Shot Misses the Net.
3:14 of 2nd period - Taylor Raddysh is hit by Jeff Skinner and loses puck.
3:42 of 2nd period - Zemgus Girgensons is hit by Jakob Chychrun and loses puck.
4:23 of 2nd period - Nikita Zaitsev is hit by Victor Hedman and loses puck.
4:32 of 2nd period - Snap shot by Mathew Barzal.
4:32 of 2nd period - Stopped by Mackenzie Blackwood with a rebound.
5:28 of 2nd period - Slapshot by Emil Bemstrom.
5:28 of 2nd period - Shot Misses the Net.
5:32 of 2nd period - Snap shot by Jonathan Drouin.
5:32 of 2nd period - Stopped by Mackenzie Blackwood without a rebound.
5:33 of 2nd period - Ryan O'Reilly wins face-off versus Alexis Lafreniere in Bruins zone.
5:48 of 2nd period - Snap shot by Morgan Frost.
5:48 of 2nd period - Stopped by Ilya Samsonov without a rebound.
5:49 of 2nd period - Nico Hischier wins face-off versus Christian Dvorak in Canadiens zone.
5:50 of 2nd period - Slapshot by Claude Giroux.
5:50 of 2nd period - Stopped by Ilya Samsonov without a rebound.
5:51 of 2nd period - Christian Dvorak wins face-off versus Nico Hischier in Canadiens zone.
5:56 of 2nd period - Jani Hakanpaa is hit by Mason Marchment and loses puck.
6:05 of 2nd period - Wrist shot by Nico Hischier.
6:05 of 2nd period - Shot Misses the Net.
6:41 of 2nd period - Mathew Barzal is hit by Alexis Lafreniere.
7:11 of 2nd period - Wrist shot by Emil Bemstrom.
7:11 of 2nd period - Stopped by Mackenzie Blackwood with a rebound.
7:32 of 2nd period - Slapshot by Anton Lundell.
7:32 of 2nd period - Shot Misses the Net.
7:54 of 2nd period - Snap shot by Valeri Nichushkin.
7:54 of 2nd period - Shot Hit the Post.
8:30 of 2nd period - Mason Marchment is hit by Jani Hakanpaa and loses puck.
9:25 of 2nd period - Jani Hakanpaa is hit by Nikita Zaitsev and loses puck.
9:32 of 2nd period - Jakob Chychrun is hit by Brady Tkachuk and loses puck.
9:49 of 2nd period - Snap shot by Chris Kreider.
9:49 of 2nd period - Shot Misses the Net.
10:09 of 2nd period - Slapshot by Maxime Comtois.
10:09 of 2nd period - Shot Blocked by Jani Hakanpaa.
10:23 of 2nd period - Jani Hakanpaa is hit by Mason Marchment and loses puck.
11:14 of 2nd period - Wrist shot by Mathew Barzal.
11:14 of 2nd period - Shot Blocked by Morgan Frost.
11:34 of 2nd period - Snap shot by Jeff Skinner.
11:34 of 2nd period - Shot Misses the Net.
11:52 of 2nd period - Slapshot by Taylor Raddysh.
11:52 of 2nd period - Stopped by Ilya Samsonov with a rebound.
11:54 of 2nd period - Wrist shot by Taylor Raddysh.
11:54 of 2nd period - Stopped by Ilya Samsonov with a rebound.
12:14 of 2nd period - Wrist shot by Mathew Barzal.
12:14 of 2nd period - Stopped by Mackenzie Blackwood without a rebound.
12:15 of 2nd period - J.T. Compher wins face-off versus Nico Hischier in Bruins zone.
12:22 of 2nd period - Wrist shot by Valeri Nichushkin.
12:22 of 2nd period - Shot Blocked by Nikita Zaitsev.
12:24 of 2nd period - Wrist shot by Valeri Nichushkin.
12:24 of 2nd period - Shot Misses the Net.
12:26 of 2nd period - Slapshot by Henri Jokiharju.
12:26 of 2nd period - Shot Blocked by Mason Marchment.
12:28 of 2nd period - Slapshot by Henri Jokiharju.
12:28 of 2nd period - Stopped by Mackenzie Blackwood without a rebound.
12:29 of 2nd period - Morgan Frost wins face-off versus Ryan O'Reilly in Bruins zone.
12:56 of 2nd period - Anton Lundell is hit by Mason Marchment and loses puck.
13:07 of 2nd period - Wrist shot by Nico Hischier.
13:07 of 2nd period - Stopped by Ilya Samsonov with a rebound.
13:28 of 2nd period - Anthony Mantha is hit by Adam Larsson and loses puck.
13:47 of 2nd period - Jacob Bernard-Docker is hit by Emil Bemstrom and loses puck.
14:06 of 2nd period - Wrist shot by Morgan Frost.
14:06 of 2nd period - Stopped by Ilya Samsonov with a rebound.
14:08 of 2nd period - Slapshot by Jacob Bernard-Docker.
14:08 of 2nd period - Stopped by Ilya Samsonov without a rebound.
14:09 of 2nd period - Ryan O'Reilly wins face-off versus Morgan Frost in Canadiens zone.
14:20 of 2nd period - Wrist shot by Brady Tkachuk.
14:20 of 2nd period - Stopped by Ilya Samsonov with a rebound.
14:22 of 2nd period - Snap shot by Nikita Zaitsev.
14:22 of 2nd period - Stopped by Ilya Samsonov without a rebound.
14:23 of 2nd period - Nico Hischier wins face-off versus Christian Dvorak in Canadiens zone.
15:21 of 2nd period - Snap shot by Jeff Skinner.
15:21 of 2nd period - Deflect By Brady Tkachuk.
15:21 of 2nd period - Goal by Jeff Skinner - Canadiens : 1 - Bruins : 3.
15:22 of 2nd period - Nico Hischier wins face-off versus Andrew Mangiapane in neutral zone.
15:48 of 2nd period - Jeff Skinner is hit by Anthony Mantha and loses puck.
16:57 of 2nd period - Matt Dumba is hit by Adam Larsson and loses puck.
17:54 of 2nd period - Mathew Barzal is hit by Nikita Zaitsev and loses puck.
18:53 of 2nd period - Snap shot by Jeff Skinner.
18:53 of 2nd period - Deflect By Valeri Nichushkin.
18:53 of 2nd period - Stopped by Mackenzie Blackwood with a rebound.
19:07 of 2nd period - Wrist shot by Morgan Frost.
19:07 of 2nd period - Shot Misses the Net.
19:09 of 2nd period - Slapshot by Christopher Tanev.
19:09 of 2nd period - Stopped by Ilya Samsonov without a rebound.
19:10 of 2nd period - Ryan O'Reilly wins face-off versus Morgan Frost in Canadiens zone.
19:17 of 2nd period - Wrist shot by Morgan Frost.
19:17 of 2nd period - Deflect By Alexis Lafreniere.
19:17 of 2nd period - Stopped by Ilya Samsonov with a rebound.
19:21 of 2nd period - Slapshot by Alexis Lafreniere.
19:21 of 2nd period - Stopped by Ilya Samsonov without a rebound.
19:22 of 2nd period - Christian Dvorak wins face-off versus Nico Hischier in Canadiens zone.
19:29 of 2nd period - Slapshot by Jakob Chychrun.
19:29 of 2nd period - Deflect By Anton Lundell.
19:29 of 2nd period - Stopped by Mackenzie Blackwood without a rebound.
19:30 of 2nd period - Nico Hischier wins face-off versus Anton Lundell in Bruins zone.
19:44 of 2nd period - Icing by Nico Hischier.
19:45 of 2nd period - J.T. Compher wins face-off versus Nico Hischier in Bruins zone.
19:47 of 2nd period - Minor Penalty to Henri Jokiharju for Holding.
19:48 of 2nd period - Christian Dvorak wins face-off versus Nico Hischier in Canadiens zone.
Goals for this period are 1 for Canadiens vs 1 for Bruins.
Shots for this period are 8 for Canadiens vs 16 for Bruins.

3rd period


0:01 of 3rd period - Christian Dvorak wins face-off versus Taylor Raddysh in neutral zone.
0:04 of 3rd period - Seth Jones is hit by Travis Hamonic and loses puck.
0:40 of 3rd period - Wrist shot by Claude Giroux.
0:40 of 3rd period - Stopped by Ilya Samsonov with a rebound.
0:54 of 3rd period - Jani Hakanpaa is hit by Anthony Mantha and loses puck.
1:47 of 3rd period - Penalty to Henri Jokiharju is over, Henri Jokiharju is back on ice.
2:01 of 3rd period - Slapshot by Nick Foligno.
2:01 of 3rd period - Shot Misses the Net.
2:15 of 3rd period - Jeff Skinner is hit by Maxime Comtois and loses puck.
2:49 of 3rd period - Snap shot by Jonathan Drouin.
2:49 of 3rd period - Stopped by Mackenzie Blackwood with a rebound.
3:13 of 3rd period - Snap shot by Anton Lundell.
3:13 of 3rd period - Shot Misses the Net.
3:36 of 3rd period - Jakob Chychrun is hit by Brady Tkachuk and loses puck.
4:17 of 3rd period - Slapshot by Jakob Chychrun.
4:17 of 3rd period - Stopped by Mackenzie Blackwood with a rebound.
4:19 of 3rd period - Slapshot by Adam Larsson.
4:19 of 3rd period - Deflect By Seth Jones.
4:19 of 3rd period - Stopped by Mackenzie Blackwood with a rebound.
4:35 of 3rd period - Morgan Frost is hit by Mathew Barzal and loses puck.
5:31 of 3rd period - Minor Penalty to Maxime Comtois for Tripping.
5:32 of 3rd period - Mathew Barzal wins face-off versus Ryan Poehling in Bruins zone.
6:11 of 3rd period - Christopher Tanev is hit by Travis Hamonic and loses puck.
7:16 of 3rd period - Travis Hamonic is hit by Alexis Lafreniere and loses puck.
7:31 of 3rd period - Penalty to Maxime Comtois is over, Maxime Comtois is back on ice.
9:14 of 3rd period - Brady Tkachuk is hit by Travis Hamonic and loses puck.
9:31 of 3rd period - Henri Jokiharju is hit by Mason Marchment and loses puck.
9:59 of 3rd period - Victor Hedman is hit by Samuel Blais and loses puck.
11:38 of 3rd period - Snap shot by Valeri Nichushkin.
11:38 of 3rd period - Stopped by Mackenzie Blackwood with a rebound.
12:23 of 3rd period - Off-side.
12:24 of 3rd period - Ryan O'Reilly wins face-off versus Zemgus Girgensons in neutral zone.
12:37 of 3rd period - Slapshot by Mathew Barzal.
12:37 of 3rd period - Stopped by Mackenzie Blackwood with a rebound.
12:39 of 3rd period - Wrist shot by Chris Kreider.
12:39 of 3rd period - Stopped by Mackenzie Blackwood with a rebound.
12:49 of 3rd period - Jeff Skinner is hit by Matt Dumba and loses puck.
13:14 of 3rd period - Snap shot by Andrew Mangiapane.
13:14 of 3rd period - Shot Blocked by Christopher Tanev.
13:16 of 3rd period - Snap shot by Anton Lundell.
13:16 of 3rd period - Stopped by Mackenzie Blackwood with a rebound.
13:28 of 3rd period - Christopher Tanev is hit by Jakob Chychrun and loses puck.
13:43 of 3rd period - Anthony Mantha is hit by Victor Hedman and loses puck.
14:14 of 3rd period - Matt Dumba is hit by Valeri Nichushkin and loses puck.
14:52 of 3rd period - Minor Penalty to Seth Jones for Delaying the game.
14:53 of 3rd period - Ryan Poehling wins face-off versus Mathew Barzal in Bruins zone.
15:06 of 3rd period - Zemgus Girgensons is hit by Chris Kreider.
15:20 of 3rd period - Matt Dumba is hit by Jakob Chychrun and loses puck.
15:47 of 3rd period - Slapshot by Nico Hischier.
15:47 of 3rd period - Stopped by Ilya Samsonov with a rebound.
16:52 of 3rd period - Penalty to Seth Jones is over, Seth Jones is back on ice.
17:08 of 3rd period - Jani Hakanpaa is hit by Claude Giroux and loses puck.
17:19 of 3rd period - Wrist shot by Claude Giroux.
17:19 of 3rd period - Shot Misses the Net.
17:31 of 3rd period - Nick Foligno is hit by Brady Tkachuk and loses puck.
18:45 of 3rd period - Icing by Ryan Poehling.
18:46 of 3rd period - Morgan Frost wins face-off versus Mathew Barzal in Bruins zone.
18:59 of 3rd period - Slapshot by Jakob Chychrun.
18:59 of 3rd period - Stopped by Mackenzie Blackwood with a rebound.
19:01 of 3rd period - Wrist shot by Chris Kreider.
19:01 of 3rd period - Deflect By Mathew Barzal.
19:01 of 3rd period - Stopped by Mackenzie Blackwood with a rebound.
Goals for this period are 0 for Canadiens vs 0 for Bruins.
Shots for this period are 9 for Canadiens vs 2 for Bruins.




Output by the SimonT Hockey Simulator (STHS) for Eric Tremblay - Original Page W3C HTML5 Valid
Hockey Simulator - Hockey Simulation - Hockey Manager